 Dungeon Sprint DCSS version 0.30-a0-1161-g0704695555 (webtiles) character file.

Game seed: 2201622205968267497

3200000 123456 the Intangible (level 20, -11/216 HPs)
             Began as a Demonspawn Gladiator on Apr 27, 2023.
             Was the Champion of Makhleb.
             Mangled by a meat berserker
             ... wielding a +9 battleaxe
              (46 damage)
             ... in the Dungeon (Sprint VIII: "Arena of Blood").
             The game lasted 00:00:43 (32 turns).

123456 the Intangible (Demonspawn Gladiator)          Turns: 32, Time: 00:00:44

Health: -11/216    AC: 10    Str: 14    XL:     20   Next: 40%
Magic:  19/24      EV: 34    Int: 12    God:    Makhleb [******]
Gold:   0          SH:  0    Dex: 22    Spells: 24/24 levels left

rFire   . . .        k - +∞ Axe of Woe
rCold   . . .        (shield currently unavailable)
rNeg    . . .        a - +0 leather armour
rPois   .            b - +0 helmet
rElec   .            (cloak unavailable)
rCorr   .            (no gloves)
SInv    .            (no boots)
Will    +....        (no amulet)
Stlth   ++++++++++   (no ring)
HPRegen 0.56/turn    (no ring)
MPRegen 0.19/turn

%: no teleportation
@: no status effects
A: foul stench 2, icemail 1, robust 1, sharp scales 2, condensation shield,
weakness stinger 3
a: Renounce Religion, Minor Destruction, Lesser Servant of Makhleb, Major
Destruction, Greater Servant of Makhleb


You were in the Dungeon.
You worshipped Makhleb.
Makhleb was exalted by your worship.
You visited 1 branch

Inventory:

Hand Weapons
 k - the +∞ Axe of Woe (weapon)
   (You found it in the Dungeon)
Missiles
 c - 3 throwing nets (quivered)
 d - a javelin
Armour
 a - a +0 leather armour (worn)
 b - a +0 helmet (worn)
Scrolls
 j - a scroll of blinking
Potions
 e - a potion of curing
 f - a potion of heal wounds
 g - a potion of haste
 h - 2 potions of magic
 i - a potion of berserk rage


   Skills:
 O Level 27 Fighting
 + Level 3.3(3.9) Short Blades
 + Level 2.9(3.7) Long Blades
 O Level 27 Axes
 + Level 2.9(18.3) Maces & Flails
 + Level 2.9(18.3) Polearms
 + Level 2.9(4.1) Staves
 + Level 3.0 Ranged Weapons
 O Level 27 Throwing
 O Level 27 Armour
 O Level 27 Dodging
 O Level 27 Stealth
 + Level 2.9 Shields
 O Level 27 Unarmed Combat
 + Level 2.9 Spellcasting
 + Level 3.2 Conjurations
 + Level 3.2 Hexes
 + Level 3.6 Summonings
 + Level 4.0 Necromancy
 + Level 3.3 Translocations
 + Level 3.3 Transmutations
 + Level 3.3 Fire Magic
 + Level 3.3 Ice Magic
 + Level 3.3 Air Magic
 + Level 3.3 Earth Magic
 + Level 3.6 Poison Magic
 + Level 4.9 Invocations
 + Level 3.6 Evocations


You had 24 spell levels left.
You didn't know any spells.
Your spell library was empty.

Dungeon Overview and Level Annotations

Branches:
Dungeon (1/1)

Altars:
Makhleb

Annotations:
D The Servant


Innate Abilities, Weirdness & Mutations

You sometimes emit foul miasma when damaged in melee.
A meltable icy envelope protects you from harm. (AC +0)
You are robust. (+10% HP)
You are mostly covered in razor-sharp scales. (AC +2, Slay +2)
A meltable shield of frost defends you. (SH +0)
You have a sharp stinger which inflicts weakening toxins.


Message History

Unknown command.
The bag of meat shouts! x2
You dice the large bag of meat like an onion!!!
Flame seeps out of the large bag of meat.
You cleave the large bag of meat in twain.
Makhleb accepts your kill.
You feel better.
The large bag of meat explodes!
The fiery explosion engulfs you!!
Your icy defences dissipate!
The fiery explosion engulfs the large bag of meat!!
You are engulfed in blazing flames.
You hear a shout! x13
The destroyer gestures at you while chanting.
The destroyer blinks!
The large bag of meat is engulfed in blazing flames.
You hear a shout! x2
You have mastered Stealth!
Unknown command.
Unknown command.
A bag of meat, a large bag of meat and 2 meat berserkers come into view.
The large bag of meat shouts in stereo!
The meat berserker shouts!
You hear a shout!
You hear two shouts!
You hear a shout!
The meat berserker hits you with a +9 battleaxe!!!
* * * LOW HITPOINT WARNING * * *
You emit a cloud of foul miasma!
You hear a shout!
The meat berserker rages.
You hear a shout!
A bag of meat comes into view. It is wielding a +9 war axe. x2
A destroyer comes into view. It is wielding a +9 heavy great sword.
You hear a shout!
A bag of meat comes into view. It is wielding a +9 war axe.
The destroyer gestures at you while chanting.
The destroyer blinks!
The destroyer casts a spell at you.
The destroyer blinks!
You hear a shout!
The meat berserker hits you with a +9 battleaxe!!!
You die...

......... .....
......... .......
#.......# §O...§.
#...@...# .....o.
.###.......###.o.....
......###§zV)Oo....O.
......_..).○V.......
.#....)#.§§§...#.#
#_.<._#..@V......
#.....#..OO..#.#.
......_.......o..o..
......###........o#.#
.###.. ....###..oo.OV
#.......# ..ooO.. #.
.....# ..O...o ..
.....o .....oo


You could see The Servant, 4 destroyers, a sculptor of flesh, 2 large bags of
meat, 6 meat berserkers and 13 bags of meat.

Vanquished Creatures
  2 vampire knights (D)
  14 ogres (D)
  A two-headed ogre (D)
  18 orcs (D)
35 creatures vanquished.

Notes
Turn   | Place    | Note
-------+----------+-------------------------------------------
     0 | D        | Found the +∞ Axe of Woe
     0 | D        | 123456 the Demonspawn Gladiator began the quest for the
                  | Orb.
     0 | D        | Reached XP level 1. HP: 16/16 MP: 1/1
     2 | D        | Noticed a meat berserker
     2 | D        | Noticed a bag of meat
     3 | D        | Noticed a bag of meat
     4 | D        | Became a worshipper of Makhleb the Destroyer
     4 | D        | Noticed a bag of meat
     5 | D        | Noticed a bag of meat
     6 | D        | Noticed a bag of meat
     6 | D        | Noticed a meat berserker
     7 | D        | Killed a meat berserker
     7 | D        | Noticed a meat berserker
     7 | D        | Noticed a bag of meat
     8 | D        | Reached skill level 10 in Fighting
     8 | D        | Gained mutation: You are partially covered in razor-sharp
                  | scales. (AC +1, Slay +1) [demonic ancestry]
     8 | D        | Reached XP level 2. HP: 36/36 MP: 2/2
     8 | D        | Reached XP level 3. HP: 42/42 MP: 3/3
     8 | D        | Gained mutation: You are mostly covered in razor-sharp
                  | scales. (AC +2, Slay +2) [demonic ancestry]
     8 | D        | Reached XP level 4. HP: 49/49 MP: 4/4
     8 | D        | Reached XP level 5. HP: 54/54 MP: 5/5
     8 | D        | Gained mutation: You have a small tail. [demonic ancestry]
     8 | D        | Reached XP level 6. HP: 61/61 MP: 6/6
     8 | D        | Reached XP level 7. HP: 67/67 MP: 7/7
     8 | D        | Gained mutation: You may rarely emit foul miasma when
                  | damaged in melee. [demonic ancestry]
     8 | D        | Reached XP level 8. HP: 74/74 MP: 8/8
     8 | D        | Gained mutation: You have a tail ending in a sharp stinger.
                  | [demonic ancestry]
     8 | D        | Reached XP level 9. HP: 79/79 MP: 9/9
     8 | D        | Gained mutation: You have a sharp stinger which inflicts
                  | weakening toxins. [demonic ancestry]
     8 | D        | Reached XP level 10. HP: 86/86 MP: 10/10
     8 | D        | Reached XP level 11. HP: 92/92 MP: 11/11
     8 | D        | Noticed a bag of meat
     9 | D        | Killed a bag of meat
     9 | D        | Reached * piety under Makhleb
     9 | D        | Noticed a bag of meat
     9 | D        | Noticed a bag of meat
    10 | D        | Reached skill level 10 in Throwing
    10 | D        | Gained mutation: A meltable shield of frost defends you.
                  | (SH +0) [demonic ancestry]
    10 | D        | Reached XP level 12. HP: 22/102 MP: 12/12
    10 | D        | Killed a bag of meat
    10 | D        | Killed a meat berserker
    10 | D        | Killed a meat berserker
    10 | D        | Reached ** piety under Makhleb
    11 | D        | Reached skill level 15 in Fighting
    11 | D        | Reached XP level 13. HP: 46/116 MP: 13/13
    11 | D        | Reached XP level 14. HP: 49/123 MP: 14/14
    11 | D        | Killed a bag of meat
    11 | D        | Killed a bag of meat
    11 | D        | Noticed a bag of meat
    11 | D        | Noticed a meat berserker
    11 | D        | Noticed a bag of meat
    11 | D        | Noticed a bag of meat
    11 | D        | Noticed a bag of meat
    12 | D        | Killed a bag of meat
    12 | D        | Reached *** piety under Makhleb
    12 | D        | Killed a bag of meat
    13 | D        | Reached XP level 15. HP: 117/134 MP: 15/15
    13 | D        | Reached **** piety under Makhleb
    14 | D        | Noticed a meat berserker
    14 | D        | Noticed a meat berserker
    15 | D        | Killed a meat berserker
    15 | D        | Noticed a meat berserker
    15 | D        | Noticed a meat berserker
    16 | D        | Reached skill level 1 in Armour
    16 | D        | Gained mutation: You sometimes emit foul miasma when
                  | damaged in melee. [demonic ancestry]
    16 | D        | Reached XP level 16. HP: 138/146 MP: 16/16
    16 | D        | Reached ***** piety under Makhleb
    16 | D        | Noticed a destroyer
    17 | D        | Reached skill level 15 in Throwing
    17 | D        | Noticed a meat berserker
    17 | D        | Noticed a meat berserker
    17 | D        | Noticed a meat berserker
    18 | D        | Reached skill level 27 in Dodging
    18 | D        | Killed a meat berserker
    18 | D        | Killed a meat berserker
    18 | D        | Noticed a large bag of meat
    18 | D        | Noticed a meat berserker
    19 | D        | Reached skill level 27 in Unarmed Combat
    19 | D        | Reached XP level 17. HP: 163/163 MP: 17/17
    19 | D        | Killed a destroyer
    20 | D        | Reached skill level 5 in Armour
    20 | D        | Killed a meat berserker
    20 | D        | Noticed a meat berserker
    20 | D        | Noticed a meat berserker
    21 | D        | Reached skill level 27 in Axes
    21 | D        | Killed a meat berserker
    21 | D        | Reached ****** piety under Makhleb
    21 | D        | Noticed a large bag of meat
    22 | D        | Reached skill level 27 in Fighting
    22 | D        | Reached skill level 10 in Armour
    22 | D        | Gained mutation: You are robust. (+10% HP) [demonic
                  | ancestry]
    22 | D        | Reached XP level 18. HP: 174/200 MP: 18/18
    22 | D        | Noticed a destroyer
    22 | D        | Killed a meat berserker
    23 | D        | Killed a meat berserker
    23 | D        | Killed a meat berserker
    24 | D        | Reached skill level 27 in Throwing
    24 | D        | Gained mutation: A meltable icy envelope protects you from
                  | harm. (AC +0) [demonic ancestry]
    24 | D        | Reached XP level 19. HP: 207/207 MP: 19/19
    25 | D        | Killed a meat berserker
    26 | D        | Killed a meat berserker
    27 | D        | Reached skill level 27 in Armour
    27 | D        | Noticed a meat berserker
    27 | D        | Noticed a meat berserker
    28 | D        | Noticed The Servant
    30 | D        | Noticed a destroyer
    30 | D        | Killed a destroyer
    30 | D        | Killed a meat berserker
    30 | D        | Noticed a destroyer
    30 | D        | Noticed a meat berserker
    30 | D        | Noticed a meat berserker
    31 | D        | Reached XP level 20. HP: 104/216 MP: 19/24
    31 | D        | Noticed a destroyer
    31 | D        | Killed a large bag of meat
    32 | D        | Reached skill level 27 in Stealth
    32 | D        | Noticed a meat berserker
    32 | D        | Noticed a large bag of meat
    32 | D        | Noticed a meat berserker
    32 | D        | Noticed a destroyer
    32 | D        | Mangled by a meat berserker

Illustrated notes

Levels and vault maps discovered:
D:        meatsprint

Skill      XL: |  1  2  3  4  5  6  7  8  9 10 11 12 13 14 15 16 17 18 19 20 |
---------------+-------------------------------------------------------------+-----
Fighting       | 10 12 15 17 19 23 27 | 27.0
Axes           | 3 4 9 13 16 23 27 | 27.0
Throwing       | 9 10 12 13 14 16 22 27 | 27.0
Dodging        | 17 18 22 24 26 27 | 27.0
Unarmed Combat | 17 18 22 24 25 27 | 27.0
Armour         | 1 4 10 20 27 | 27.0
Short Blades   | 3 |  3.3
Long Blades    | 2 |  2.9
Maces & Flails | 2 |  2.9
Polearms       | 2 |  2.9
Staves         | 2 |  2.9
Ranged Weapons | 3 |  3.0
Stealth        | 24 27 | 27.0
Shields        | 2 |  2.9
Spellcasting   | 2 |  2.9
Conjurations   | 3 |  3.2
Hexes          | 3 |  3.2
Summonings     | 3 |  3.6
Necromancy     | 4 |  4.0
Translocations | 3 |  3.3
Transmutations | 3 |  3.3
Fire Magic     | 3 |  3.3
Ice Magic      | 3 |  3.3
Air Magic      | 3 |  3.3
Earth Magic    | 3 |  3.3
Poison Magic   | 3 |  3.6
Invocations    | 4 |  4.9
Evocations     | 3 |  3.6

Action                     |  1- 3 |  4- 6 |  7- 9 | 10-12 | 13-15 | 16-18 | 19-21 || total
---------------------------+-------+-------+-------+-------+-------+-------+-------++-------
  Melee: Executioner's axe |     1 |       |       |     2 |     4 |     8 |     6 ||    21
 Armour: Leather armour    |       |       |       |       |       |       |     1 ||     1
  Dodge: Dodged            |       |       |       |       |     1 |       |       ||     1

Table legend: (Time is in decaauts)
 A = Elapsed time spent in this place.
 B = Non-inter-level travel time spent in this place.
 C = Inter-level travel time spent in this place.
 D = Time resting spent in this place.
 E = Time spent auto-exploring this place.
 F = Levels seen in this place.
 G = Mean time per level.
                   A        B        C        D        E       F      G
               +--------+--------+--------+--------+--------+-----+--------+
         Total |     31 |     31 |      0 |      0 |      0 |   1 |   31.0 |
       Dungeon |     31 |     31 |      0 |      0 |      0 |   1 |   31.0 |
               +--------+--------+--------+--------+--------+-----+--------+

Top non-repeatable levels by time:
       D: 31 daAuts
